 Dungeon Crawl Stone Soup version 0.30-a0-1043-g60ff8d5f49 (webtiles) character file.

Game seed: 10401234263265182907

132623 benadryl the Warrior (level 16, -2/159 HPs)
             Began as a Minotaur Berserker on Apr 7, 2023.
             Was a High Priest of Trog.
             Succumbed to a merfolk impaler's poison
             ... on level 3 of the Shoals on Apr 10, 2023.
             The game lasted 00:51:10 (26468 turns).

benadryl the Warrior (Minotaur Berserker)          Turns: 26468, Time: 00:51:10

Health: -2/159     AC: 39    Str: 29    XL:     16   Next: 58%
Magic:  15/15      EV:  8    Int:  4    God:    Trog [*****.]
Gold:   2636       SH: 12    Dex: 11    Spells: 15/15 levels left

rFire   . . .      SeeInvis .    Q - +9 broad axe (spect)
rCold   + . .      Faith    +    C - +0 kite shield {reflect}
rNeg    . . .      Spirit   .    W - +1 crystal plate armour {rC+}
rPois   .          Reflect  +    s - +0 hat
rElec   .          Rampage  .    Z - +2 cloak {Stlth+}
rCorr   .                        i - +2 pair of gloves
Will    ++...                    T - +2 pair of boots Stlth
                                 u - amulet of faith
HPRegen 0.46/turn                n - +4 ring of protection
MPRegen 0.14/turn                V - ring of willpower

@: lethally poisoned (-2 -> -56), spiked, very slow
A: horns 2, retaliatory headbutt
a: Renounce Religion, Berserk, Trog's Hand, Brothers in Arms


You were on level 3 of the Shoals.
You worshipped Trog.
Trog was extremely pleased with you.
You visited 5 branches of the dungeon, and saw 24 of its levels.
You also visited: Gauntlet and Ice Cave.

You collected 2636 gold pieces.

Inventory:

Hand Weapons
 w - a +2 broad axe of flaming
 Q - a +9 spectral broad axe (weapon)
Missiles
 j - 17 javelins (quivered)
 H - 9 curare-tipped darts
 N - 2 throwing nets
Armour
 i - a +2 pair of gloves (worn)
 s - a +0 hat (worn)
 C - a +0 kite shield of reflection (worn)
 T - a +2 pair of boots (worn)
 W - a +1 crystal plate armour of cold resistance (worn)
 Z - a +2 cloak of stealth (worn)
Jewellery
 n - a +4 ring of protection (left hand)
 u - an amulet of faith (around neck)
 V - a ring of willpower (right hand)
Wands
 h - a wand of flame (13)
 m - a wand of quicksilver (14)
 p - a wand of polymorph (6)
 G - a wand of roots (14)
 L - a wand of digging (7)
 Y - a wand of charming (8)
Scrolls
 a - a scroll of magic mapping
 b - 4 scrolls of immolation
 k - 5 scrolls of fear
 o - 3 scrolls of enchant armour
 q - 6 scrolls of teleportation
 y - a scroll of poison
 A - 5 scrolls of noise
 D - 3 scrolls of vulnerability
 E - a scroll of fog
 I - a scroll of summoning
 M - a scroll of brand weapon
 O - 2 scrolls of silence
 R - 2 scrolls of torment
Potions
 c - 2 potions of magic
 d - 5 potions of attraction
 e - 12 potions of curing {@q1}
 f - 5 potions of haste
 l - 5 potions of flight
 r - 7 potions of lignification
 t - 5 potions of heal wounds
 v - 3 potions of invisibility
 z - 3 potions of might
 F - a potion of resistance {unknown}
 J - 4 potions of mutation
 K - 3 potions of ambrosia {unknown}
 S - a potion of degeneration {unknown}
Miscellaneous
 B - a phantom mirror
 P - a lightning rod (4/4)
 U - a phial of floods


   Skills:
 * Level 18.6 Fighting
 - Level 18.0 Axes
 - Level 5.0 Throwing
 - Level 15.0 Armour
 - Level 10.0 Dodging
 - Level 12.7 Shields
 - Level 10.0 Evocations


You had 15 spell levels left.
You didn't know any spells.
Your spell library was empty.

Dungeon Overview and Level Annotations

Branches:
Dungeon (15/15)            Temple (0/1) D:5            Lair (5/5) D:10
 Shoals (3/4) Lair:3        Snake (1/4) Lair:3        Slime (0/5) Lair:4
    Orc (2/2) D:9             Elf (0/3) Orc:2        Vaults (0/5) D:13
 Depths (0/4) D:15          IceCv (visited)         Gauntlet (visited)

Altars:
Ashenzari
Dithmenos
Elyvilon
Fedhas
Hepliaklqana
Kikubaaqudgha
Nemelex Xobeh
Ru
Sif Muna
Trog
Uskayaw
Xom
Zin
The Shining One
Jiyva

Shops:
Orc:2 (:*

Annotations:
D:10 3 runed translucent doors


Innate Abilities, Weirdness & Mutations

You have a pair of horns on your head.
You reflexively headbutt those who attack you in melee.


Message History

You feel extremely sick. The merfolk impaler barely misses you.
The merfolk hits you but does no damage.
Your deep troll bites the merfolk!
Your deep troll closely misses the merfolk.
Your deep troll barely misses the merfolk.
The merfolk is engulfed in a cloud of scalding steam.
The merfolk barely misses you. You block the merfolk impaler's attack.
The merfolk siren is engulfed in a cloud of scalding steam.
The merfolk completely misses you.
Your magical effects are unravelling.
You feel magically purged.
You break out of your daze.
You feel extremely sick.
Your deep troll bites the merfolk.
Your deep troll barely misses the merfolk.
Your deep troll claws the merfolk!!
The merfolk dies!
Trog accepts your kill.
The merfolk impaler hits you from afar with a +2 trident of venom.
* * * LOW HITPOINT WARNING * * *
The merfolk throws a boomerang.
The boomerang hits your deep troll!!
The merfolk hits you from afar with a +0 spear!
* * * LOW HITPOINT WARNING * * *
The merfolk hits you but does no damage.
Your deep troll bites the merfolk!
Your deep troll barely misses the merfolk.
Your deep troll claws the merfolk.
The manticore flicks its tail.
Your +0 kite shield of reflection reflects the volley of spikes!
The volley of spikes hits the manticore.
The merfolk impaler hits you from afar with a +2 trident of venom!!
* * * LOW HITPOINT WARNING * * *
You are more poisoned.
As you read the scroll of fear, it crumbles to dust.
You assume a fearsome visage.
The merfolk impaler looks frightened!
The merfolk looks frightened! x3
The merfolk siren resists with some effort.
The manticore looks frightened! x2
You die...

.~~~~≈≈≈≈≈≈~~~~
#.~~~~≈≈≈≈≈≈~~~
#.~~~~~≈≈≈≈~~~~
#.~~m~~~≈≈≈~~..
#.~H~~H~~~~~.. ..m)mmm~~~~..
#T.~~~~~.# .. #.@~~~..###.#
... ####P~~~.......## ..#
##...~~P.##....... ...
##..P~~~~.##....... ....>..
##..~~P~~~..........
~~~~....P.~~P~P~~~~~.......~
~~~....~~~~~~P≈~~~~..##.
~~~....~~~~~~≈≈≈~~~..## .~
.~~....~~P~~~~~~~≈~~..## ~~~


You could see a merfolk impaler (fleeing), 3 merfolk, 2 manticores, a merfolk
siren and a friendly deep troll (summoned, berserk).

Vanquished Creatures
  Jorgrun (D:13)
  Donald (Orc:2)
  Ilsuiw (Shoals:2)
  Louise (Shoals:1)
  2 orc warlords (Orc:2)
  A reaper (Gauntlet)
  A minotaur (Gauntlet)
  2 merfolk javelineers (Shoals:2)
  A merfolk impaler (Shoals:3)
  An ettin (Orc:2)
  Josephine (D:13)
  4 hydras
  A rakshasa (D:14)
  3 catoblepae (Lair:5)
  Erolcha (D:13)
  5 vault guards (D:13)
  3 centaur warriors
  2 merfolk avatars
  3 boulder beetles
  An ogre mage (D:13)
  3 two-headed ogres
  2 tengu warriors
  10 death yaks (Lair:5)
  2 anacondas (Snake:1)
  A death knight (D:13)
  7 merfolk aquamancers
  An orc high priest (Orc:2)
  2 large abominations (Gauntlet)
  Urug (Lair:2)
  A shock serpent (Snake:1)
  Nergalle (D:12)
  A fire crab (D:10)
  5 skysharks
  3 skeletal warriors (D:12)
  5 sea snakes
  A naga ritualist (Snake:1)
  2 wizards
  2 phantasmal warriors
  A deep elf archer (D:13)
  2 deep elf pyromancers
  5 mana vipers (Snake:1)
  6 orc sorcerers
  9 orc knights
  2 ugly things
  7 cyclopes
  9 manticores
  3 salamanders
  24 elephants
  4 water nymphs
  2 merfolk sirens
  5 black mambas (Snake:1)
  4 unseen horrors
  2 kobold demonologists (D:13)
  10 cane toads
  3 rime drakes
  3 freezing wraiths
  8 komodo dragons
  A tengu conjurer (D:14)
  10 merfolk
  9 trolls
  A hellwing (Gauntlet)
  A wolf spider simulacrum (D:14)
  A hornet (D:9)
  A hornet (shapeshifter) (D:13)
  5 wind drakes
  2 polar bears
  11 blink frogs
  6 dream sheep (Lair:5)
  5 snapping turtles
  9 saltlings (Orc:2)
  13 slime creatures
  A dire elephant simulacrum (IceCv)
  9 wraiths
  Sigmund (D:3)
  A centaur simulacrum (D:14)
  A shadow (D:11)
  48 yaks
  A vampire (D:9)
  4 water elementals
  3 wyverns
  3 basilisks
  2 steam dragons
  7 vampire mosquitoes
  Menkaure (D:4)
  5 wargs
  An acid dragon (D:14)
  A naga (Snake:1)
  10 water moccasins
  38 orc warriors
  A sky beast (D:6)
  13 centaurs
  8 ogres
  9 wolves
  4 small abominations (Gauntlet)
  A phantom (D:5)
  4 kobold brigands
  8 bullfrogs
  2 gnoll sergeants
  A scorpion (Lair:1)
  A cane toad simulacrum (IceCv)
  3 wights (D:6)
  4 howler monkeys
  4 lava snakes (Lair:3)
  4 hounds (D:5)
  2 jellies (D:5)
  20 orc priests
  A gnoll bouda (D:6)
  3 sleepcaps
  4 iguanas
  Natasha (thrice) (D:3)
  20 orc wizards
  2 wolf simulacra (IceCv)
  13 gnolls
  3 adders
  3 shadow imps (Gauntlet)
  15 white imps
  A worm (D:2)
  A dart slug (D:3)
  82 orcs
  7 endoplasms
  A giant cockroach (D:2)
  10 goblins
  11 hobgoblins
  3 jackals (D:4)
  A quokka (D:3)
  6 ball pythons
  9 bats
  4 frilled lizards
  16 kobolds
  4 rats
  2 pillars of salt (Orc:2)
721 creatures vanquished.

Vanquished Creatures (collateral kills)
  Agnes (D:15)
  An ettin (D:15)
  A death knight (D:15)
  A boulder beetle (D:13)
  A tengu warrior (D:13)
  Sonja (D:13)
  A deep troll (D:15)
  A deep elf pyromancer (D:15)
  2 necromancers (D:15)
  A black mamba (Snake:1)
  A freezing wraith (D:15)
  A wind drake (shapeshifter) (D:15)
  A merfolk (Shoals:3)
  A troll (D:13)
  An orc warrior (Orc:2)
  An orc priest (Orc:2)
  2 orc wizards (Orc:2)
  2 orcs (Orc:2)
21 creatures vanquished.

Vanquished Creatures (others)
  A yak (Lair:5)
  A naga (Snake:1)
  16 fungi
  2 pillars of salt (Orc:2)
  66 plants
  24 withered plants (Gauntlet)
110 creatures vanquished.

Grand Total: 852 creatures vanquished

Notes
Turn   | Place    | Note
-------+----------+-------------------------------------------
     0 | D:1      | benadryl the Minotaur Berserker began the quest for the
                  | Orb.
     0 | D:1      | Reached XP level 1. HP: 19/19 MP: 0/0
   306 | D:1      | Reached XP level 2. HP: 26/26 MP: 1/1
   457 | D:1      | Found a faded altar of an unknown god.
   706 | D:1      | Reached skill level 5 in Axes
   895 | D:2      | Reached XP level 3. HP: 31/31 MP: 2/2
   912 | D:2      | Reached skill level 1 in Throwing
   982 | D:2      | Reached ** piety under Trog
  1572 | D:3      | Noticed Natasha
  1576 | D:3      | Killed Natasha
  1577 | D:3      | Reached XP level 4. HP: 37/39 MP: 3/3
  1646 | D:3      | Noticed Natasha
  1653 | D:3      | Killed Natasha
  1663 | D:3      | Reached XP level 5. HP: 45/45 MP: 4/4
  1837 | D:3      | Noticed Natasha
  1841 | D:3      | Killed Natasha
  1912 | D:3      | Reached *** piety under Trog
  1951 | D:3      | Reached skill level 5 in Throwing
  2196 | D:3      | Noticed Sigmund
  2210 | D:3      | Killed Sigmund
  2211 | D:3      | Reached skill level 5 in Fighting
  2211 | D:3      | Reached XP level 6. HP: 49/56 MP: 5/5
  2720 | D:4      | Reached XP level 7. HP: 64/64 MP: 6/6
  2936 | D:4      | Noticed Menkaure
  2939 | D:4      | Killed Menkaure
  3322 | D:5      | Entered Level 5 of the Dungeon
  3548 | D:5      | Found a staircase to the Ecumenical Temple.
  3766 | D:5      | Found a white marble altar of Elyvilon.
  3766 | D:5      | Found a glowing golden altar of the Shining One.
  3766 | D:5      | Found a glowing silver altar of Zin.
  3807 | D:5      | Reached XP level 8. HP: 66/74 MP: 7/7
  3905 | D:5      | Reached **** piety under Trog
  3926 | D:5      | Identified the +1 leather armour of the Doldrums {Drain
                  | Regen+ Dex+2}
  4403 | D:6      | Reached skill level 1 in Shields
  4617 | D:6      | Found an ancient bone altar of Kikubaaqudgha.
  4618 | D:6      | Found a blossoming altar of Fedhas.
  4623 | D:6      | Reached skill level 5 in Shields
  4623 | D:6      | Reached XP level 9. HP: 81/81 MP: 8/8
  4626 | D:6      | Found a broken altar of Ashenzari.
  4627 | D:6      | Found a hazy altar of Hepliaklqana.
  4627 | D:6      | Found a sacrificial altar of Ru.
  4627 | D:6      | Found a shadowy altar of Dithmenos.
  4627 | D:6      | Found a sparkling altar of Nemelex Xobeh.
  4632 | D:6      | Found a shimmering altar of Xom.
  4633 | D:6      | Found a bloodstained altar of Trog.
  4634 | D:6      | Found a hide-covered altar of Uskayaw.
  4635 | D:6      | Found a shimmering blue altar of Sif Muna.
  4722 | D:6      | You fall into a shaft and drop 3 floors!
  4723 | D:9      | Upgraded the game from 0.30-a0-1018-g25214051b3 to
                  | 0.30-a0-1043-g60ff8d5f49
  4912 | D:9      | Reached ***** piety under Trog
  4925 | D:9      | Found a staircase to the Orcish Mines.
  5078 | D:9      | Noticed a troll
  5085 | D:9      | Killed a troll
  5228 | D:9      | Reached skill level 10 in Shields
  5283 | D:9      | Reached skill level 10 in Axes
  5349 | D:9      | Reached XP level 10. HP: 73/88 MP: 9/9
  5799 | D:9      | Identified the +7 plate armour of the Nexus {+Inv rElec
                  | Str-4 SInv}
  5975 | D:9      | Received a gift from Trog
  5976 | D:9      | Reached skill level 1 in Evocations
  6069 | D:10     | Entered Level 10 of the Dungeon
  6754 | D:10     | Found a runed translucent gate.
  6754 | D:10     | Found a runed translucent gate.
  6754 | D:10     | Found a runed translucent gate.
  6762 | D:10     | Noticed a green ugly thing
  6762 | D:10     | Noticed a red ugly thing
  6762 | D:10     | Noticed a death drake
  6762 | D:10     | Noticed a green ugly thing
  6763 | D:10     | Noticed a fire crab
  6768 | D:10     | Found a staircase to the Lair.
  6790 | D:10     | Killed a fire crab
  7021 | D:10     | Noticed a green ugly thing
  7021 | D:10     | Noticed a green ugly thing
  7023 | D:10     | a komodo dragon changed into a harpy
  7023 | D:10     | Noticed a harpy (glowing shapeshifter)
  7239 | D:10     | a culicivora changed into a salamander
  7239 | D:10     | Noticed a salamander (glowing shapeshifter)
  7241 | D:10     | a salamander changed into a cyclops
  7241 | D:10     | Noticed a cyclops (glowing shapeshifter)
  7485 | D:11     | Reached XP level 11. HP: 87/99 MP: 10/10
  7604 | D:11     | Reached skill level 10 in Fighting
  7925 | D:11     | Noticed a brown ugly thing
  7931 | D:11     | Killed a brown ugly thing
  8375 | Lair:1   | Entered Level 1 of the Lair of Beasts
  8639 | Lair:1   | Reached skill level 5 in Evocations
  8982 | Lair:1   | Reached XP level 12. HP: 112/112 MP: 11/11
  9167 | Lair:1   | Reached ****** piety under Trog
  9169 | Lair:1   | Reached skill level 15 in Axes
  9459 | Lair:1   | Received a gift from Trog
 10169 | Lair:2   | Noticed Urug
 10188 | Lair:2   | Killed Urug
 10292 | Lair:2   | You fall into a shaft and drop 1 floor!
 10671 | Lair:2   | Noticed a five-headed hydra
 10681 | Lair:2   | Killed a one-headed hydra
 11150 | Lair:3   | Reached skill level 10 in Evocations
 11582 | Lair:3   | Found a staircase to the Shoals.
 11621 | Lair:3   | Reached XP level 13. HP: 112/118 MP: 12/12
 11830 | Lair:3   | Found a staircase to the Snake Pit.
 12239 | Lair:4   | Found a viscous altar of Jiyva.
 12245 | Lair:4   | Found a staircase to the Slime Pits.
 12371 | Lair:4   | Received a gift from Trog
 13300 | Lair:5   | Entered Level 5 of the Lair of Beasts
 14264 | Lair:5   | Reached XP level 14. HP: 83/130 MP: 13/13
 14990 | Orc:1    | Entered Level 1 of the Orcish Mines
 15484 | Orc:2    | Entered Level 2 of the Orcish Mines
 15484 | Orc:2    | Found a staircase to the Elven Halls.
 15487 | Orc:2    | Identified the +6 hand axe of Motolook {flame, rF+} (Trog
                  | gifted it to you on level 2 of the Orcish Mines)
 15487 | Orc:2    | Received a gift from Trog
 15608 | Orc:2    | Reached skill level 15 in Fighting
 15614 | Orc:2    | Found a frozen archway.
 15677 | IceCv    | Entered an ice cave
 15903 | IceCv    | Found a transporter.
 15928 | IceCv    | Found a transporter.
 16017 | Orc:2    | Received a gift from Trog
 16029 | Orc:2    | Found a shimmering altar of Xom.
 16131 | Orc:2    | Reached skill level 5 in Armour
 16381 | Orc:2    | Noticed an orc warlord
 16419 | Orc:2    | Killed an orc warlord
 16736 | Orc:2    | Found Plog's Book Boutique.
 16747 | Orc:2    | Found Lozun's Antique Weapon Boutique.
 16884 | Orc:2    | Found Eqothruita's General Store.
 16884 | Orc:2    | Noticed an orc warlord
 16911 | Orc:2    | Killed an orc warlord
 17125 | Orc:2    | Noticed Donald
 17134 | Orc:2    | Killed Donald
 17134 | Orc:2    | Received a gift from Trog
 17135 | Orc:2    | Reached skill level 10 in Armour
 17948 | D:12     | Noticed Nergalle
 17958 | D:12     | Killed Nergalle
 18519 | D:12     | Identified the +1 ring mail of Osal {Will+ Int+3}
 18929 | D:13     | Identified the +0 chain mail of the Watermelon {rF+ rC+
                  | Str-5 Int+3}
 19091 | D:13     | Reached XP level 15. HP: 112/141 MP: 14/14
 19203 | D:13     | Noticed Jorgrun
 19226 | D:13     | Killed Jorgrun
 19590 | D:13     | Noticed Josephine
 19607 | D:13     | Killed Josephine
 19627 | D:13     | Noticed Sonja
 19629 | D:13     | Killed Sonja
 19928 | D:13     | Noticed Erolcha
 19957 | D:13     | Received a gift from Trog
 19961 | D:13     | Killed Erolcha
 20149 | D:13     | Found a gate to the Vaults.
 20951 | D:14     | Reached skill level 15 in Armour
 21333 | D:14     | Found a shimmering blue altar of Sif Muna.
 21338 | D:14     | Reached skill level 5 in Dodging
 21632 | D:15     | Entered Level 15 of the Dungeon
 21672 | D:15     | Noticed Agnes
 21678 | D:15     | Killed Agnes
 21706 | D:15     | Found a gate leading to a gauntlet.
 21718 | Gauntlet | Entered a Gauntlet
 21718 | Gauntlet | Found a transporter.
 21718 | Gauntlet | Found a transporter.
 21722 | Gauntlet | Found a transporter.
 21732 | Gauntlet | Found a transporter.
 21748 | Gauntlet | Found a transporter.
 21754 | Gauntlet | Found a transporter.
 21756 | Gauntlet | Found a transporter.
 21760 | Gauntlet | Found a transporter.
 21760 | Gauntlet | Found a transporter.
 21763 | Gauntlet | Found a transporter.
 21817 | Gauntlet | Found a transporter.
 21860 | Gauntlet | Found a transporter.
 21876 | Gauntlet | Found a transporter.
 21889 | Gauntlet | Found a transporter.
 21985 | Gauntlet | Found a transporter.
 22000 | Gauntlet | Found a transporter.
 22140 | Gauntlet | Received a gift from Trog
 22214 | Gauntlet | Identified the amulet "Netisk" {rElec rC- Regen+ Int+9
                  | Dex-3}
 22286 | Gauntlet | Found the +4 Cigotuvi's embrace {Corpsefed rMiasma Drain
                  | rN+}
 22749 | D:15     | Found a staircase to the Depths.
 23348 | Snake:1  | Entered Level 1 of the Snake Pit
 23354 | Snake:1  | Reached skill level 10 in Dodging
 23540 | Snake:1  | Reached XP level 16. HP: 101/149 MP: 15/15
 24188 | Shoals:1 | Entered Level 1 of the Shoals
 24474 | Shoals:1 | Received a gift from Trog
 24532 | Shoals:1 | Noticed Louise
 24973 | Shoals:1 | Killed Louise
 25511 | Shoals:2 | Noticed Ilsuiw
 25533 | Shoals:2 | Killed Ilsuiw
 26468 | Shoals:3 | Succumbed to a merfolk impaler's poison

Illustrated notes

Levels and vault maps discovered:
D:1:      pf_arrival_petrified_forest, layout_basic, serial_aquarium,
          aquarium_bridge_island_small [aquarium_subvault_small_open,
          aquarium_subvault_bridge, aquarium_subvault_bridge,
          aquarium_subvault_wall, aquarium_subvault_window], aquarium_window_1,
          aquarium_window_1, aquarium_window_1, aquarium_window_corner,
          aquarium_view_2e, aquarium_view_2e, aquarium_balcony_3a,
          ebering_ecumenical_altar_sacrificial
D:2:      layout_rooms
D:3:      layout_loops_ring, uniq_natasha, uniq_sigmund
D:4:      layout_loops_ring, corexii_checkpoint_b, uniq_menkaure
D:5:      layout_basic, good_gods_mini_temple, temple_pool_b
D:6:      layout_loops_ring, minitemple
D:9:      layout_basic, hiddenorc1_lemuel, st_stairs_2
D:10:     layout_grid_maze, minmay_lair_entry_lava,
          ploomutoo_gammafunk_ghost_potion_laboratory
D:11:     layout_gridville
D:12:     layout_layer_cave, uniq_nergalle
D:13:     layout_basic, grunt_vaults_entry_fortified, minmay_microvault,
          uniq_jorgrun, uniq_josephine, uniq_erolcha, uniq_sonja
D:14:     layout_gridville, corexii_leaking_fountain,
          nicolae_sif_muna_condensation
D:15:     hangedman_depths_entry_civil_slaughter, layout_basic,
          gauntlet_entry_generic, minmay_misc_feat_alley, uniq_agnes
Lair:1:   layout_cave_pods, grunt_forest_small_clearing_treed,
          grunt_megastairs_3
Lair:2:   layout_cave_pods, uniq_urug
Lair:3:   layout_chaotic_city, elwin_shoals_entry_rooms,
          nicolae_snake_entry_warm_welcome, grunt_megastairs_5
Lair:4:   layout_concentric_octagons, dpeg_slime_entry_corner
Lair:5:   evilmike_catoblepas_cave, layout_regular_city, st_stairs_10,
          serial_bayou_shore_a
Shoals:1: layout_shoals, nicolae_shoals_aquamancer_cove, uniq_louise
Shoals:2: layout_shoals, uniq_ilsuiw
Shoals:3: layout_shoals
Snake:1:  layout_basic, serial_curves, eino_curves_04, eino_curves_01,
          eino_curves_04, uniq_aizul
Orc:1:    layout_caves
Orc:2:    hellmonk_orc_salted, layout_caves, basic_altar,
          portal_ice_cave_entry_imps, uniq_donald

Skill      XL: |  1  2  3  4  5  6  7  8  9 10 11 12 13 14 15 16 |
---------------+-------------------------------------------------+-----
Axes           | 4 5 7 9 11 14 16 18 | 18.0
Throwing       | 2 3 5 |  5.0
Fighting       | 5 6 8 9 12 13 15 18 | 18.6
Shields        | 5 10 11 12 | 12.7
Evocations     | 1 7 10 | 10.0
Armour         | 12 15 | 15.0
Dodging        | 10 | 10.0

Action                     |  1- 3 |  4- 6 |  7- 9 | 10-12 | 13-15 | 16-18 || total
---------------------------+-------+-------+-------+-------+-------+-------++-------
  Melee: Hand axe          |    82 |    60 |   278 |    56 |       |       ||   476
         Headbutt          |     9 |     9 |    42 |    98 |   224 |    47 ||   429
         Punch             |     2 |     3 |     3 |       |       |       ||     8
         War axe           |       |       |       |   432 |   107 |       ||   539
         Broad axe         |       |       |       |       |   859 |   209 ||  1068
  Throw: Javelin           |       |     2 |     5 |     1 |     3 |       ||    11
 Invoke: Berserk           |     1 |     3 |     5 |     5 |     8 |       ||    22
         Brothers in Arms  |       |       |       |       |     6 |     3 ||     9
  Evoke: Wand              |       |       |       |     1 |     4 |     6 ||    11
    Use: Scroll            |       |     2 |     3 |     7 |    16 |     5 ||    33
         Potion            |       |       |       |       |       |     3 ||     3
   Stab: Sleeping          |     1 |       |       |       |       |       ||     1
         Distracted        |       |       |       |       |     1 |     4 ||     5
 Armour: Animal skin       |    15 |       |       |       |       |       ||    15
         Leather armour    |    13 |    11 |     2 |       |       |       ||    26
         Chain mail        |       |       |   185 |    40 |     6 |       ||   231
         Plate armour      |       |       |       |   437 |   229 |       ||   666
         Crystal plate arm |       |       |       |       |   326 |   147 ||   473
  Dodge: Dodged            |    51 |    34 |    71 |   124 |   172 |    64 ||   516
  Block: Kite shield       |       |       |    64 |   268 |   463 |   130 ||   925
         Reflection        |       |       |       |       |    27 |     7 ||    34

Table legend: (Time is in decaauts)
 A = Elapsed time spent in this place.
 B = Non-inter-level travel time spent in this place.
 C = Inter-level travel time spent in this place.
 D = Time resting spent in this place.
 E = Time spent auto-exploring this place.
 F = Levels seen in this place.
 G = Mean time per level.
                   A        B        C        D        E       F      G
               +--------+--------+--------+--------+--------+-----+--------+
         Total |  26560 |  23574 |   2986 |   5962 |  12542 |  26 | 1021.5 |
       Dungeon |  14020 |  12991 |   1029 |   2437 |   8365 |  13 | 1078.5 |
          Lair |   6974 |   6396 |    578 |   1463 |   3953 |   5 | 1394.8 |
        Shoals |   2391 |   1578 |    813 |    999 |     22 |   3 |  797.0 |
     Snake Pit |    308 |    308 |      0 |     46 |    167 |   1 |  308.0 |
  Orcish Mines |   1971 |   1407 |    564 |    757 |     34 |   2 |  985.5 |
      Ice Cave |    284 |    284 |      0 |    210 |      0 |   1 |  284.0 |
      Gauntlet |    610 |    610 |      0 |     49 |      0 |   1 |  610.0 |
               +--------+--------+--------+--------+--------+-----+--------+

Top non-repeatable levels by time:
    D:13: 1986 daAuts
  Lair:3: 1786 daAuts
Shoals:1: 1632 daAuts
  Lair:5: 1555 daAuts
     D:9: 1547 daAuts
    D:10: 1469 daAuts
  Lair:1: 1439 daAuts
   Orc:2: 1399 daAuts
    D:12: 1387 daAuts
  Lair:4: 1300 daAuts
    D:11: 1143 daAuts
     D:4: 1051 daAuts
     D:3: 906 daAuts
    D:15: 903 daAuts
  Lair:2: 892 daAuts
